 Dungeon Crawl Stone Soup version 0.32-a0-928-g1cae6b7ea0 (webtiles) character file.

Game seed: 13770883528054212983

0 Shayle the Apothecary (level 1, -1/13 HPs)
             Began as a Coglin Alchemist on Apr 13, 2024.
             Slain by a kobold
             ... wielding a +0 club
              (3 damage)
             ... on level 1 of the Dungeon.
             The game lasted 00:00:26 (88 turns).

Shayle the Apothecary (Coglin Alchemist)              Turns: 88, Time: 00:00:27

Health: -1/13      AC:  2    Str:  8    XL:     1   Next: 0%
Magic:  2/3        EV: 11    Int: 14    God:
Gold:   29         SH:  0    Dex: 14    Spells: 2/3 levels left

rFire   . . .        (no weapon)
rCold   . . .        (no shield)
rNeg    . . .        a - +0 robe
rPois   .            (no helmet)
rElec   .            (no cloak)
rCorr   .            (no gloves)
SInv    .            (no boots)
Will    .....        (amulet unavailable)
Stlth   ++           (ring unavailable)
HPRegen 0.22/turn    (ring unavailable)
MPRegen 0.08/turn    (no gizmo)

%: no passive effects
@: revved
A: off-hand wielding, slow wielding, warmup strikes, no jewellery
a: Invent Gizmo


You were on level 1 of the Dungeon.
You visited 1 branch of the dungeon, and saw 1 of its levels.

You collected 29 gold pieces.

Inventory:

Armour
 a - a +0 robe (worn)
Scrolls
 c - a scroll of summoning {unknown}
Potions
 b - a potion of magic


   Skills:
 + Level 0.0 Fighting
 + Level 1.7 Dodging
 - Level 1.5 Stealth
 + Level 1.7 Spellcasting
 + Level 0.8 Conjurations
 + Level 3.2 Alchemy


You had 2 spell levels left.
You knew the following spells:

 Your Spells              Type           Power      Damage    Failure   Level
a - Sting                 Conj/Alch      28%        1d4       11%         1

Your spell library contained the following spells:

 Spells                   Type           Power      Damage    Failure   Level
 Mercury Vapours          Alch/Air       10%        N/A       19%         2
 Mephitic Cloud           Conj/Alch/Air  5%         N/A       38%         3
 Olgreb's Toxic Radiance  Alch           10%        N/A       54%         4
 Sticky Flame             Fire/Alch      5%         2d4       77%         4


Dungeon Overview and Level Annotations

Branches:
Dungeon (1/15)

Altars:


Innate Abilities, Weirdness & Mutations

You can wield a second weapon in your off-hand.
It takes a long time for you to wield or remove held weapons.
Your first few attacks do less damage.
You cannot equip rings or amulets.


Message History

There is an escape hatch in the floor here.
You now have 13 gold pieces.
Found an escape hatch in the floor.
You now have 21 gold pieces (gained 8).
You now have 29 gold pieces (gained 8).
c - a scroll labelled ELADOG HIKKI An endoplasm comes into view.
Found a leather armour. 2 kobolds come into view.
The kobold throws a stone.
The stone hits you.
A quokka comes into view.
The kobold shouts!
A rat comes into view.
The kobold throws a stone.
The stone barely misses you.
The kobold throws a stone.
The stone closely misses you.
You hit the kobold but do no damage.
A kobold breaks down the door.
Found 15 gold pieces.
You barely miss the kobold. The kobold closely misses you.
You closely miss the kobold. You hit the kobold but do no damage.
The kobold hits you with a +0 club. The kobold hits you with a +0 dagger.
You hit the kobold.
The kobold is moderately wounded.
The kobold completely misses you. The kobold closely misses you.
You closely miss the kobold. The kobold hits you with a +0 club.
The kobold hits you with a +0 dagger.
You closely miss the kobold. The kobold hits you with a +0 club.
* * * LOW HITPOINT WARNING * * *
The kobold barely misses you.
Unknown command.
Casting: Sting (safe; 11% risk of failure)
Confirm with . or Enter, or press ? or * to list all spells.
Aiming: Sting (safe; 11% risk of failure)
Press: ? - help, Shift-Dir - straight line, f - kobold
Aim: a kobold, wielding a +0 dagger (moderately wounded, 60% to hit)
The sting hits the kobold.
The kobold is poisoned.
The kobold is severely wounded.
You kill the kobold!
The kobold hits you with a +0 club.
You die...

... r.#.J.#
#..####.#...#
#.....?.. #......##
#.......# # .
#.....#.### .#..
#.....#...# ..$..
#.....###r#...#
#.....# #@K...#
###.....#####......
...........# +##..
# ####.#####.# .
..#. #.# # #.##
###.# # #.. #...# #
### #.# ###.# # #.#
#.# #.#


You could see a quokka and a kobold.

Vanquished Creatures
  A kobold (D:1)
1 creature vanquished.

Notes
Turn   | Place    | Note
-------+----------+-------------------------------------------
     0 | D:1      | Shayle the Coglin Alchemist began the quest for the Orb.
     0 | D:1      | Reached XP level 1. HP: 13/13 MP: 3/3
    88 | D:1      | Slain by a kobold

Illustrated notes

Levels and vault maps discovered:
D:1:      evilmike_arrival_hilbert_curve, layout_basic,
          hangedman_decor_clover_reticule, st_stairs_7

Action                     || total
---------------------------++-------
  Melee: Unarmed           ||     7
   Cast: Sting             ||     1
 Armour: Robe              ||     7
  Dodge: Dodged            ||     6

Table legend: (Time is in decaauts)
 A = Elapsed time spent in this place.
 B = Non-inter-level travel time spent in this place.
 C = Inter-level travel time spent in this place.
 D = Time resting spent in this place.
 E = Time spent auto-exploring this place.
 F = Levels seen in this place.
 G = Mean time per level.
                   A        B        C        D        E       F      G
               +--------+--------+--------+--------+--------+-----+--------+
         Total |     88 |     88 |      0 |      0 |     63 |   1 |   88.0 |
       Dungeon |     88 |     88 |      0 |      0 |     63 |   1 |   88.0 |
               +--------+--------+--------+--------+--------+-----+--------+

Top non-repeatable levels by time:
     D:1: 88 daAuts
